Map: Base du roi Sejong EC

Players

zidar - Winner!

  • Race: Zerg Zerg
  • League: Gold
  • Spawn Location: 5:00

EPINOR

  • Race: Protoss Protoss
  • League: Gold
  • Spawn Location: 11:00

VOD

Have the link to the VOD?

Description

Time

  • Played on: June 3, 2016, 2:45 p.m.
  • Length: 11:36
Show
View Real Time Build Order
Export as new Build Order

zidar Zerg - Winner!

Build Orders: Pool First 

Get SALT Encoding   

  12  0:01  Drone  
  13  0:12  Overlord  
  13  0:17  Drone  
  14  0:30  Drone x2  
  14  0:34  Drone  
  17  0:47  Spawning Pool  
  17  0:49  Drone  
  17  1:17  Hatchery  
  17  1:18  Drone  
  17  1:22  Extractor, Drone  
  17  1:28  Drone  
  18  1:36  Queen  
  20  1:45  Drone x2  
  22  2:00  Overlord  
  22  2:18  Queen  
  22  2:21  Drone x2  
  22  2:22  Metabolic Boost  
  26  2:42  Drone x4  
  29  3:00  Roach Warren  
  28  3:07  Extractor  
  28  3:09  Drone x6  
  33  3:19  Pneumatized Carapace  
  33  3:53  Roach  
  33  3:55  Drone  
  36  3:57  Overlord x2  
  36  3:59  Overlord  
  36  4:16  Roach x7  
  50  4:35  Roach  
  50  4:36  Roach x4  
  60  4:49  Overlord x2  
  60  4:50  Overlord  
  60  4:51  Overlord  
  60  5:16  Lair  
  60  5:25  Spore Crawler  
  59  5:39  Extractor  
  58  5:43  Extractor  
  57  5:56  Queen  
  59  6:10  Zergling x4  
  59  6:11  Zergling x16  
  69  6:12  Roach x9  
  87  6:24  Ravager  
  60  7:05  Overseer  
  60  7:09  Roach x8  
  60  7:10  Roach x2  
  60  7:11  Zergling x8  
  84  7:18  Hydralisk Den  
  81  7:50  Hydralisk x5  
  91  8:09  Drone  
  92  8:39  Overlord x2  
  92  8:40  Overlord x3  
  92  8:41  Overlord  
  92  9:00  Drone x6  
  98  9:03  Drone x4  
  98  9:04  Drone  
  50  9:35  Hydralisk  
  50  9:36  Hydralisk x8  
  62  9:42  Hydralisk x2  
  66  10:13  Hydralisk x7  
  80  10:33  Hydralisk x5  
Show
View Real Time Build Order
Export as new Build Order

EPINOR Protoss 

Build Orders: Dark Templar Rush 

Get SALT Encoding   

  12  0:01  Probe (Chrono Boost)  
  13  0:11  Probe (Chrono Boost)  
  14  0:22  Probe (Chrono Boost)  
  15  0:31  Pylon  
  15  0:52  Gateway  
  15  0:55  Probe (Chrono Boost)  
  16  0:58  Assimilator  
  16  1:05  Probe (Chrono Boost)  
  17  1:16  Probe (Chrono Boost)  
  18  1:26  Probe (Chrono Boost)  
  19  1:34  Pylon  
  19  1:37  Probe (Chrono Boost)  
  20  1:41  Cybernetics Core  
  20  1:47  Probe (Chrono Boost)  
  20  1:52  Gateway  
  21  1:56  Assimilator  
  21  1:58  Probe (Chrono Boost)  
  22  2:08  Probe (Chrono Boost)  
  23  2:19  Warp Gate (Chrono Boost)  
  23  2:20  Adept  
  25  2:39  Adept  
  27  2:47  Adept, Twilight Council  
  29  2:52  Pylon x2  
  29  3:07  Pylon  
  29  3:22  Gateway  
  29  3:28  Dark Shrine  
  29  3:40  Pylon  
  29  3:45  Gateway  
  29  4:22  Zealot  
  29  4:24  Zealot  
  33  4:44  Dark Templar  
  33  4:45  Dark Templar x2  
  37  4:46  Dark Templar  
  41  5:20  Stalker  
  41  5:21  Stalker x3  
  47  5:41  Robotics Facility  
  47  5:44  Pylon, Stalker  
  47  5:46  Zealot x2  
  47  5:47  Zealot, Pylon  
  55  6:22  Stalker x3  
  55  6:23  Stalker  
  63  6:37  Immortal (Chrono Boost)  
  43  7:09  Adept x2  
  43  7:10  Adept  
  43  7:11  Immortal (Chrono Boost)  
  43  7:12  Zealot  
  51  7:49  Adept x2  
  51  7:50  Adept x2  
  55  8:01  Immortal (Chrono Boost)  
  59  8:12  Stalker x2  
  63  8:13  Stalker  
  65  8:21  Archon x2  
  65  8:30  Pylon  
  65  9:01  Nexus  
  41  9:40  Stalker x2  
  41  9:41  Stalker  
  41  9:43  Sentry  
  49  9:54  Observer (Chrono Boost)  
  50  10:07  Adept  
  50  10:08  Adept  
  50  10:12  Sentry  
  50  10:13  Observer (Chrono Boost)  
  57  10:30  Stalker  
  57  10:31  Stalker  
Tags
 
Add a new tag
Caveats
  • Supply blocks, unpowered buildings, or Contaminate may cause inaccurate times.
  • Supply counts are checked every 10 seconds.